 Dungeon Crawl Stone Soup version 0.30.1-3-gfc49f6343a (webtiles) character file.

Game seed: 14409988245143284941

38788 McKennaii the Destroyer (level 13, -1/86 HPs)
             Began as a Demigod Conjurer on Aug 2, 2023.
             Shot with an arrow by a centaur warrior (20 damage)
             ... on level 15 of the Dungeon.
             The game lasted 00:28:28 (16197 turns).

McKennaii the Destroyer (Demigod Conjurer)         Turns: 16197, Time: 00:28:29

Health: -1/86      AC: 12    Str: 15    XL:     13   Next: 32%
Magic:  29/34      EV: 12    Int: 52    God:
Gold:   913        SH:  0    Dex: 14    Spells: 14/37 levels left

rFire   . . .        S - +6 scimitar of the Blushing Gods {flame, Int+4}
rCold   . . .        (no shield)
rNeg    . . .        y - +3 steam dragon scales
rPois   +            s - +1 hat
rElec   .            q - +0 cloak
rCorr   +            Q - +0 pair of gloves of Caoxulum {rPois Will+ Dex+2}
SInv    .            L - +0 pair of boots of the Arcane {Str+5}
Will    ++...        G - amulet "Luatuagh" {RegenMP rCorr Str+2}
Stlth   ++           c - +6 ring of intelligence
HPRegen 0.34/turn    j - +6 ring of intelligence
MPRegen 0.64/turn

%: no passive effects
@: no status effects
A: high MP 1, forlorn, divine attributes
a: no special abilities


You were on level 15 of the Dungeon.
You visited 1 branch of the dungeon, and saw 15 of its levels.
You also visited: Gauntlet.

You collected 999 gold pieces.
You spent 86 gold pieces at shops.

Inventory:

Hand Weapons
 S - the +6 scimitar of the Blushing Gods (weapon) {flame, Int+4}
   (You took it off a minotaur in a Gauntlet)

   Int:       It affects your intelligence (+4).
Missiles
 R - 4 throwing nets
Armour
 q - a +0 cloak (worn)
 s - a +1 hat (worn)
 y - +3 steam dragon scales (worn)
 L - the +0 pair of boots of the Arcane (worn) {Str+5}
   (You found it in a Gauntlet)

   Str:       It affects your strength (+5).
 Q - the +0 pair of gloves of Caoxulum (worn) {rPois Will+ Dex+2}
   (You found it in a Gauntlet)

   Dex:       It affects your dexterity (+2).
   rPois:     It protects you from poison.
   Will:      It increases your willpower.
Magical Staves
 T - the staff of earth "Dogunoo" {rPois rF- rN++ MP+9}
   (You found it in a Gauntlet)

   [staff of earth]

   Base accuracy: +5 Base damage: 5 Base attack delay: 1.2 This weapon's minimum
   attack delay (0.6) is reached at skill level 12.
   rF:        It makes you vulnerable to fire.
   rPois:     It protects you from poison.
   rN:        It greatly protects you from negative energy.
   MP:        It affects your magic capacity (+9).
   It falls into the 'Staves' category.
   It is a one-handed weapon.
Jewellery
 c - a +6 ring of intelligence (left hand)
 j - a +6 ring of intelligence (right hand)
 z - a ring of willpower
 G - the amulet "Luatuagh" (around neck) {RegenMP rCorr Str+2}
   (You found it on level 5 of the Dungeon)

   [amulet of magic regeneration]

   It increases your rate of magic regeneration.
   Str:       It affects your strength (+2).
   rCorr:     It protects you from acid and corrosion.
 K - a ring of resist corrosion
Wands
 B - a wand of iceblast (31)
 C - a wand of acid (16)
 E - a wand of flame (33)
 H - a wand of mindburst (20)
 I - a wand of charming (31)
Scrolls
 e - 4 scrolls of amnesia
 f - 3 scrolls of magic mapping
 g - 2 scrolls of fog
 h - 14 scrolls of teleportation
 k - a scroll of poison
 m - 2 scrolls of summoning
 o - 4 scrolls of vulnerability
 p - 4 scrolls of fear
 r - a scroll of brand weapon
 v - 4 scrolls of blinking
 x - 2 scrolls of enchant weapon
 D - 2 scrolls of silence
Potions
 a - 10 potions of curing
 b - 4 potions of magic
 d - 2 potions of ambrosia
 i - 2 potions of flight {unknown}
 l - 5 potions of haste
 n - a potion of lignification {unknown}
 t - 2 potions of cancellation {unknown}
 u - 6 potions of heal wounds
 A - 2 potions of might {unknown}
 F - a potion of resistance {unknown}
 J - 2 potions of brilliance
 M - a potion of attraction {unknown}


   Skills:
 - Level 1.7 Dodging
 - Level 1.7 Stealth
 + Level 12.7 Spellcasting
 + Level 14.2 Conjurations
 * Level 10.4 Fire Magic


You had 14 spell levels left.
You knew the following spells:

 Your Spells              Type           Power      Damage    Failure   Level
a - Magic Dart            Conj           100%       1d8       0%          1
b - Searing Ray           Conj           100%       2d8       0%          2
c - Iskenderun's Mystic   Conj/Tloc      82%        2d16      1%          4
d - Fireball              Conj/Fire      52%        3d20      1%          5
e - Plasma Beam           Fire/Air       36%        2x1d54    11%         6
f - Freezing Cloud        Conj/Ice/Air   35%        6-21      2%          5

Your spell library contained the following spells:

 Spells                   Type           Power      Damage    Failure   Level
 Scorch                   Fire           100%       2d9       0%          2
 Apportation              Tloc           66%        N/A       1%          1
 Kiss of Death            Conj/Necr      100%       2d13      1%          1
 Necrotise                Necr           100%       1d9       1%          1
 Summon Small Mammal      Summ           100%       N/A       1%          1
 Blink                    Tloc           66%        N/A       1%          2
 Ensorcelled Hibernation  Hex/Ice        66%        N/A       1%          2
 Lesser Beckoning         Tloc           66%        N/A       1%          2
 Passwall                 Tmut/Erth      27%        N/A       1%          2
 Poisonous Vapours        Pois/Air       66%        N/A       1%          2
 Confusing Touch          Hex            33%        N/A       1%          3
 Dazzling Flash           Conj/Hex       100%       N/A       1%          3
 Frozen Ramparts          Ice            66%        1d10      1%          3
 Gell's Gravitas          Tloc           33%        N/A       1%          3
 Hailstorm                Conj/Ice       82%        3d17      1%          3
 Mephitic Cloud           Conj/Pois/Air  70%        N/A       1%          3
 Spider Form              Tmut/Pois      33%        N/A       1%          3
 Swiftness                Air            33%        N/A       1%          3
 Teleport Other           Tloc           33%        N/A       1%          3
 Vhi's Electric Charge    Tloc/Air       66%        N/A       1%          3
 Fulminant Prism          Conj/Hex       41%        3d19      1%          4
 Arcjolt                  Conj/Air       41%        1d51      1%          5
 Conjure Ball Lightning   Conj/Air       41%        3x3d13    4%          6
 Anguish                  Hex/Necr       16%        N/A       6%          4
 Dispel Undead            Necr           33%        3d14      6%          4
 Ice Form                 Ice/Tmut       33%        N/A       6%          4
 Manifold Assault         Tloc           33%        N/A       6%          4
 Summon Ice Beast         Ice/Summ       33%        N/A       6%          4
 Agony                    Necr           33%        N/A       16%         5
 Blade Hands              Tmut           16%        N/A       16%         5
 Silence                  Hex/Air        16%        N/A       16%         5
 Simulacrum               Ice/Necr       16%        N/A       65%         6
 Statue Form              Tmut/Erth      22%        N/A       65%         6
 Fire Storm               Conj/Fire      52%        8d13      98%         9
 Dragon Form              Tmut           16%        N/A       99%         7
 Storm Form               Tmut/Air       16%        N/A       99%         7
 Discord                  Hex            16%        N/A       100%        8
 Disjunction              Tloc           16%        N/A       100%        8


Dungeon Overview and Level Annotations

Branches:
Dungeon (15/15)            Temple (0/1) D:7            Lair (0/5) D:9
    Orc (0/2) D:12         Vaults (0/5) D:13        Gauntlet (visited)
 Depths: D:15

Shops:
D:3 *   D:14 =


Innate Abilities, Weirdness & Mutations

You have an increased reservoir of magic. (+10% MP)
You shall have no god before yourself.
Your divine heritage dramatically boosts your attributes as you level up.


Message History

The wolf spider is severely wounded.
Unknown command.
Unknown command.
Casting: Fireball (safe; 1% risk of failure)
Confirm with . or Enter, or press ? or * to list all spells.
You erupt in a blast of force!
The mystic blast hits the wolf spider!!
The wolf spider is almost dead.
The wolf spider is knocked back by the mystic blast.
The wolf spider slams into the rock wall!
You kill the wolf spider!
You see here a wolf spider corpse.
A centaur warrior comes into view.
The centaur warrior shouts!
The centaur warrior wields a +2 shortbow of freezing.
It is covered in frost.
The centaur warrior shoots an arrow.
The arrow hits you! The arrow freezes you.
The centaur warrior shoots an arrow.
The arrow hits you! The arrow freezes you.
Casting: Iskenderun's Mystic Blast (safe; 1% risk of failure)
Confirm with . or Enter, or press ? or * to list all spells.
Aiming: Freezing Cloud (dangerous; 2% risk of failure)
Press: ? - help, Dir - move target Out of range.
Okay, then.
Casting: Freezing Cloud (dangerous; 2% risk of failure)
Confirm with . or Enter, or press ? or * to list all spells.
You can't see any susceptible monsters within range! (Use Z to cast anyway.)
The centaur warrior shoots an arrow.
The arrow hits you! The arrow freezes you.
Casting: Freezing Cloud (dangerous; 2% risk of failure)
Confirm with . or Enter, or press ? or * to list all spells.
Aiming: Fireball (safe; 1% risk of failure)
Press: ? - help, Shift-Dir - straight line The fireball explodes!
The fireball engulfs the centaur warrior!!!
The centaur warrior is almost dead.
The centaur warrior shoots an arrow.
The arrow hits you!
* * * LOW HITPOINT WARNING * * *
The arrow freezes you.
* * * LOW HITPOINT WARNING * * *
The centaur warrior shoots an arrow.
The arrow hits you!!
You die...

#.#.#
#...#########
#...# #...#
#...# #.#.#
#.#.# #...#
#...# #...#
#...# #.###
#.#.# #..#
#...#...###
#..@......#
#...##.##..
#...# .#
#.... ..
#.... ..
#..... .
#.c.#.
#.#.##.


You could see a centaur warrior.

Vanquished Creatures
  A minotaur (Gauntlet)
  The ghost of Philippstinkt the Fighter, a journeyman HOFi (D:11)
  Harold (D:10)
  A ghost crab (Gauntlet)
  4 vault guards (D:13)
  3 hydras
  An ogre mage (D:13)
  3 centaur warriors (D:14)
  3 tengu warriors
  Sonja (D:12)
  A deep troll (D:10)
  Pikel (D:5)
  A wolf spider (D:15)
  The ghost of TangoThomas the Conjurer, a novice DsRe of Ashenzari (D:7)
  2 orc knights
  9 ugly things
  4 deep elf pyromancers
  A worldbinder (Gauntlet)
  4 cyclopes
  A moth of wrath (Gauntlet)
  Maurice (D:8)
  2 manticores
  Joseph (D:7)
  A gargoyle (D:13)
  2 minotaur zombies (Gauntlet)
  Maggie (D:7)
  A kobold demonologist (D:10)
  2 tengu conjurers
  An unseen horror (D:11)
  A queen bee (D:11)
  5 trolls
  Grinder (D:5)
  A hornet (D:11)
  Sigmund (D:3)
  4 slime creatures (D:12)
  A vampire (D:10)
  A wraith (D:11)
  A shadow (D:13)
  A basilisk (D:15)
  12 yaks
  Grum (D:8)
  A steam dragon (D:10)
  11 vampire mosquitoes
  2 wargs (D:15)
  2 acid dragons
  4 water moccasins
  Duvessa (D:7)
  9 orc warriors
  3 sky beasts (D:6)
  2 boggarts (Gauntlet)
  9 wolves
  A centaur (shapeshifter) (D:14)
  A phantom (D:4)
  3 ogres (D:5)
  11 centaurs
  A lemure (D:5)
  4 kobold brigands
  5 bullfrogs
  10 scorpions
  Dowan (D:7)
  10 killer bees
  2 howler monkeys (D:7)
  3 hounds (D:5)
  A jelly (D:4)
  11 orc priests
  A gnoll bouda (D:7)
  Crazy Yiuf (D:5)
  Jessica (D:2)
  2 sleepcaps
  Ijyb (D:4)
  4 iguanas
  Natasha (thrice) (D:4)
  15 orc wizards
  Robin (D:4)
  9 gnolls
  6 adders
  3 shadow imps
  An ufetubus (D:4)
  48 orcs
  4 endoplasms
  4 giant cockroaches
  14 goblins
  7 hobgoblins
  5 quokkas
  6 ball pythons
  2 bats
  2 frilled lizards (D:2)
  17 kobolds
  A rat (D:1)
  A spectral goblin (D:8)
353 creatures vanquished.

Notes
Turn   | Place    | Note
-------+----------+-------------------------------------------
     0 | D:1      | McKennaii the Demigod Conjurer began the quest for the Orb.
     0 | D:1      | Reached XP level 1. HP: 14/14 MP: 5/5
   556 | D:1      | Reached XP level 2. HP: 20/20 MP: 4/7
   559 | D:1      | Learned a level 2 spell: Searing Ray
   868 | D:1      | Reached skill level 4 in Conjurations
  1108 | D:2      | Noticed Jessica
  1114 | D:2      | Killed Jessica
  1115 | D:2      | Reached XP level 3. HP: 26/26 MP: 1/9
  1742 | D:3      | Found Ketou's Assorted Antiques.
  1752 | D:3      | Bought a scroll labelled OSYKKAULACWOM for 18 gold pieces
  1752 | D:3      | Bought a ruby potion for 16 gold pieces
  1752 | D:3      | Bought a coppery potion for 16 gold pieces
  1752 | D:3      | Bought a scroll labelled UTZEOKKEIS for 18 gold pieces
  1752 | D:3      | Bought a scroll labelled UTZEOKKEIS for 18 gold pieces
  1808 | D:3      | Identified the +3 leather armour "Deuronag" {rPois rN+
                  | rCorr Str-2}
  1893 | D:3      | Noticed Sigmund
  1905 | D:3      | Killed Sigmund
  1906 | D:3      | Reached skill level 5 in Conjurations
  1906 | D:3      | Reached XP level 4. HP: 33/33 MP: 2/12
  1906 | D:3      | Reached XP level 5. HP: 38/38 MP: 2/13
  2188 | D:3      | Learned a level 4 spell: Iskenderun's Mystic Blast
  2713 | D:4      | Reached XP level 6. HP: 45/45 MP: 7/15
  3017 | D:4      | Noticed Natasha
  3021 | D:4      | Killed Natasha
  3273 | D:4      | Reached skill level 6 in Conjurations
  3460 | D:4      | Noticed Natasha
  3463 | D:4      | Killed Natasha
  3464 | D:4      | Reached XP level 7. HP: 50/50 MP: 12/17
  3559 | D:4      | Reached skill level 5 in Spellcasting
  3623 | D:4      | Noticed Ijyb
  3627 | D:4      | Killed Ijyb
  3756 | D:4      | Noticed Robin
  3783 | D:4      | Killed Robin
  3916 | D:4      | Noticed Natasha
  3923 | D:4      | Killed Natasha
  4091 | D:5      | Entered Level 5 of the Dungeon
  4234 | D:5      | Found a runed translucent door.
  4235 | D:5      | Noticed Crazy Yiuf
  4295 | D:5      | Reached skill level 7 in Conjurations
  4509 | D:5      | Noticed Pikel
  4525 | D:5      | Killed Pikel
  4526 | D:5      | Reached skill level 8 in Conjurations
  4526 | D:5      | Reached XP level 8. HP: 39/57 MP: 0/21
  4648 | D:5      | You fall into a shaft and drop 1 floor!
  4835 | D:5      | Noticed Grinder
  4844 | D:5      | Killed Grinder
  5103 | D:5      | Identified the amulet "Luatuagh" {RegenMP rCorr Str+2}
  5137 | D:5      | Reached XP level 9. HP: 59/62 MP: 19/24
  5280 | D:5      | Reached skill level 9 in Conjurations
  5728 | D:5      | Killed Crazy Yiuf
  6390 | D:7      | Noticed Maggie
  6399 | D:7      | Killed Maggie
  6400 | D:7      | Reached skill level 10 in Conjurations
  6594 | D:7      | Noticed Duvessa
  6595 | D:7      | Noticed Dowan
  6606 | D:7      | Killed Duvessa
  6607 | D:7      | Killed Dowan
  6652 | D:7      | Noticed Joseph
  6660 | D:7      | Killed Joseph
  6693 | D:7      | Found a staircase to the Ecumenical Temple.
  6888 | D:7      | Found a large runed translucent door.
  6889 | D:7      | Found a large runed translucent door.
  6890 | D:7      | Noticed TangoThomas's ghost (novice DsRe)
  7092 | D:7      | Reached XP level 10. HP: 69/69 MP: 24/27
  7322 | D:7      | Killed TangoThomas's ghost
  7484 | D:8      | Noticed Maurice
  7522 | D:8      | Killed Maurice
  7526 | D:8      | Reached skill level 11 in Conjurations
  7670 | D:8      | Noticed Grum
  7694 | D:8      | Killed Grum
  8236 | D:9      | Reached skill level 10 in Spellcasting
  8507 | D:9      | Found a staircase to the Lair.
  8564 | D:9      | Identified the +2 robe of Izxam {rN+ Will+ rCorr Int+2}
  9294 | D:10     | Entered Level 10 of the Dungeon
  9632 | D:10     | Reached skill level 12 in Conjurations
  9638 | D:10     | Reached XP level 11. HP: 63/74 MP: 18/30
  9975 | D:10     | Noticed a deep troll
  9975 | D:10     | Noticed Harold
 10054 | D:10     | Killed a deep troll
 10189 | D:10     | Killed Harold
 10277 | D:10     | Found the necklace of Bloodlust {Fury *Rage Will++ Int-3
                  | Slay+6}
 10374 | D:11     | Identified a scroll of acquirement
 10375 | D:11     | Acquired the Book of Incandescent Transmutation
 10384 | D:11     | Learned a level 5 spell: Fireball
 10401 | D:11     | Reached skill level 1 in Fire Magic
 10690 | D:11     | Found a transporter.
 10716 | D:11     | Found a transporter.
 10722 | D:11     | Noticed Philippstinkt's ghost (journeyman HOFi)
 11299 | D:11     | Killed Philippstinkt's ghost
 11454 | D:11     | Learned a level 5 spell: Freezing Cloud
 11510 | D:12     | Noticed Sonja
 11511 | D:12     | Killed Sonja
 11786 | D:12     | Found a staircase to the Orcish Mines.
 12296 | D:12     | Reached skill level 5 in Fire Magic
 12595 | D:13     | Noticed a tengu warrior
 12597 | D:13     | Killed a tengu warrior
 12724 | D:13     | Reached skill level 13 in Conjurations
 12762 | D:13     | Noticed a four-headed hydra
 12768 | D:13     | Killed a four-headed hydra
 12769 | D:13     | Reached XP level 12. HP: 66/81 MP: 13/32
 12849 | D:13     | Noticed a vault guard
 12852 | D:13     | Noticed an ogre mage
 12856 | D:13     | Killed an ogre mage
 12857 | D:13     | Killed a vault guard
 13059 | D:13     | Noticed a vault guard
 13072 | D:13     | Killed a vault guard
 13143 | D:13     | Identified the +1 scale mail "Soloa" {Rampage rF+ Str-4
                  | Dex+3}
 13161 | D:13     | Found a gate to the Vaults.
 13161 | D:13     | Noticed a vault guard
 13161 | D:13     | Noticed a vault guard
 13175 | D:13     | Killed a vault guard
 13180 | D:13     | Killed a vault guard
 13604 | D:14     | Found Ufiysaw's Jewellery Shop.
 13666 | D:14     | Found a gate leading to a gauntlet.
 13675 | Gauntlet | Entered a Gauntlet
 13675 | Gauntlet | Found a transporter.
 13675 | Gauntlet | Found a transporter.
 13679 | Gauntlet | Found a transporter.
 13679 | Gauntlet | Found a transporter.
 13688 | Gauntlet | Found a transporter.
 13707 | Gauntlet | Found a transporter.
 13713 | Gauntlet | Noticed a ghost crab
 13717 | Gauntlet | Found a transporter.
 13717 | Gauntlet | Found a transporter.
 13721 | Gauntlet | Found a transporter.
 13726 | Gauntlet | Noticed a green death
 13748 | Gauntlet | Found a transporter.
 13757 | Gauntlet | Found a transporter.
 13777 | Gauntlet | Found a transporter.
 13823 | Gauntlet | Found a transporter.
 13839 | Gauntlet | Found a transporter.
 13939 | Gauntlet | Found a transporter.
 13953 | Gauntlet | Found a transporter.
 14110 | Gauntlet | Noticed a cyan very ugly thing
 14112 | Gauntlet | Noticed a purple very ugly thing
 14112 | Gauntlet | Noticed an ironbound thunderhulk
 14118 | Gauntlet | Noticed a cyan very ugly thing
 14118 | Gauntlet | Noticed a red very ugly thing
 14287 | Gauntlet | Killed a ghost crab
 14299 | Gauntlet | Identified the +0 pair of gloves of Caoxulum {rPois Will+
                  | Dex+2}
 14361 | Gauntlet | Identified the +6 scimitar of the Blushing Gods {flame,
                  | Int+4}
 14361 | Gauntlet | Noticed a minotaur
 14366 | Gauntlet | Killed a minotaur
 14464 | Gauntlet | Identified the staff of earth "Dogunoo" {rPois rF- rN++
                  | MP+9}
 14464 | Gauntlet | Identified the +0 pair of boots of the Arcane {Str+5}
 14540 | D:14     | Noticed a six-headed hydra
 14543 | D:14     | Killed a six-headed hydra
 14656 | D:14     | Noticed a seven-headed hydra
 14659 | D:14     | Killed a seven-headed hydra
 14746 | D:14     | Learned a level 6 spell: Plasma Beam
 14881 | D:14     | Noticed a centaur warrior
 14887 | D:14     | Killed a centaur warrior
 14888 | D:14     | Reached XP level 13. HP: 82/86 MP: 25/34
 15594 | D:15     | Entered Level 15 of the Dungeon
 15600 | D:15     | Reached skill level 14 in Conjurations
 15601 | D:15     | Reached skill level 10 in Fire Magic
 16197 | D:15     | Shot with an arrow by a centaur warrior

Illustrated notes

Levels and vault maps discovered:
D:1:      dpeg_arrival_rooms_a, layout_basic
D:2:      layout_basic, chequers_serial_rivers_room_b, uniq_jessica
D:3:      layout_loops_ring, serial_shops, shop, uniq_sigmund
D:4:      layout_loops_ring, nicolae_ru_sacrificial_ziggurat, uniq_ijyb,
          uniq_robin, uniq_natasha
D:5:      layout_cave_pools, kennysheep_mini_moat, lemuel_crystal_altar,
          serial_rivers, chequers_serial_rivers_small_3,
          chequers_serial_rivers_small_b, chequers_serial_rivers_micro_e,
          chequers_serial_rivers_micro_a, chequers_serial_rivers_large_a,
          uniq_grinder, uniq_crazy_yiuf_cottage, uniq_pikel
D:6:      layout_rooms, trog_butcher_becter
D:7:      layout_basic, minmay_temple_entry_waves, ebering_ghost_disaster_area,
          uniq_joseph, uniq_duvessa, uniq_maggie
D:8:      layout_cave_pools, nicolae_hepliaklqana_monster_ancestors, uniq_grum,
          uniq_maurice
D:9:      layout_basic, nicolae_vehumet_radiance,
          grunt_lair_entry_orc_guard_hut, due_unseen_surprise
D:10:     layout_roguey, nicolae_dithmenos_shadow_blocks, grunt_ministairs_13,
          hellmonk_guarded_unrand_vitality_bloodlust, uniq_harold
D:11:     layout_loops_ring, gammafunk_ghost_hive
D:12:     layout_loops_corners, minmay_orc_entry_temple_small, uniq_sonja
D:13:     layout_roguey, grunt_vaults_entry_fortified, minmay_between
D:14:     layout_loops_ring, minmay_misc_feat_secret_circle, serial_shops,
          nicolae_shop_waterfront, gauntlet_entry_generic,
          nicolae_ashenzari_panopticon
D:15:     grunt_enter_depths_magical_seal, layout_stronghold,
          okawaru_gym_becter, zin_scriptorium

Skill      XL: |  1  2  3  4  5  6  7  8  9 10 11 12 13 |
---------------+----------------------------------------+-----
Spellcasting   | 2 3 4 6 7 9 10 11 12 | 12.7
Conjurations   | 4 5 6 8 10 12 13 14 | 14.2
Fire Magic     | 6 9 10 | 10.4
Dodging        | |  1.7
Stealth        | |  1.7

Action                     |  1- 3 |  4- 6 |  7- 9 | 10-12 | 13-15 || total
---------------------------+-------+-------+-------+-------+-------++-------
  Melee: Unarmed           |     2 |       |       |     1 |       ||     3
         Dagger            |       |       |    16 |       |       ||    16
         Short sword       |       |       |       |     3 |       ||     3
         Scimitar          |       |       |       |       |     2 ||     2
   Cast: Magic Dart        |    59 |    52 |   129 |   143 |     6 ||   389
         Searing Ray       |     3 |    14 |    54 |    46 |       ||   117
         Iskenderun's Myst |       |       |    18 |   101 |    14 ||   133
         Fireball          |       |       |       |    99 |    20 ||   119
         Freezing Cloud    |       |       |       |       |     5 ||     5
  Evoke: Wand              |       |       |       |     9 |       ||     9
    Use: Scroll            |       |       |       |    23 |       ||    23
         Potion            |       |       |       |     1 |       ||     1
 Armour: Leather armour    |       |     8 |    33 |    37 |       ||    78
         Steam dragon scal |       |       |       |     1 |     2 ||     3
  Dodge: Dodged            |    10 |    12 |    37 |    77 |     2 ||   138
